 Dungeon Crawl Stone Soup version 0.30-a0-149-g7f746667c4 (webtiles) character file.

Game seed: 15768869386351115557

63 ragingrage the Charlatan (level 3, -3/28 HPs)
             Began as a Demonspawn Artificer on Sept 26, 2022.
             Was a Follower of Cheibriados.
             Shot with an arrow by a centaur (14 damage)
             ... on level 6 of the Dungeon.
             The game lasted 00:01:47 (1989 turns).

ragingrage the Charlatan (Demonspawn Artificer)     Turns: 1989, Time: 00:01:48

Health: -3/28      AC:  3    Str: 14    XL:     3   Next: 87%
Magic:  3/3        EV: 11    Int: 14    God:    Cheibriados [*.....]
Gold:   71         SH:  0    Dex: 17    Spells: 2/2 levels left

rFire   . . .      SeeInvis .    k - +2 short sword (venom)
rCold   . . .      Faith    .    (no shield)
rNeg    . . .      Spirit   .    b - +0 leather armour
rPois   .          Reflect  .    (helmet restricted)
rElec   .          Harm     .    (no cloak)
rCorr   .          Rampage  .    (no gloves)
Will    .....                    (no boots)
Stlth   ++........               (no amulet)
HPRegen 0.09/turn                (no ring)
MPRegen 0.08/turn                (no ring)

@: very slow
A: horns 1
a: Renounce Religion, Bend Time


You were on level 6 of the Dungeon.
You worshipped Cheibriados.
Cheibriados was aware of your devotion.
You visited 1 branch of the dungeon, and saw 4 of its levels.

You collected 71 gold pieces.

Inventory:

Hand Weapons
 k - a +2 short sword of venom (weapon)
Missiles
 o - 8 poisoned darts
Armour
 b - a +0 leather armour (worn)
Wands
 c - a wand of flame (14) (quivered)
 d - a wand of charming (14)
 e - a wand of iceblast (5)
Scrolls
 g - a scroll of butterflies {unknown}
 h - a scroll of magic mapping {unknown}
 j - a scroll of poison {unknown}
 m - 2 scrolls of identify {unknown}
 p - 2 scrolls of noise {unknown}
Potions
 a - a potion of invisibility {unknown}
 f - 2 potions of curing {unknown}
 i - a potion of attraction {unknown}
 l - a potion of mutation {unknown}
 n - a potion of brilliance {unknown}


   Skills:
 + Level 2.7 Fighting
 - Level 1.7 Armour
 - Level 0.8 Dodging
 - Level 0.8 Stealth
 + Level 4.0 Evocations


You had 2 spell levels left.
You didn't know any spells.
Your spell library contained the following spells:

 Spells                   Type           Power      Damage    Failure   Level
 Foxfire                  Conj/Fire      0%         2x1d4     34%         1
 Inner Flame              Hex/Fire       0%         N/A       71%         3
 Kindle Blastsparks       Fire/Tloc/Air  0%         2d10      71%         3
 Flame Wave               Conj/Fire      0%         2d4       98%         4


Dungeon Overview and Level Annotations

Branches:
Dungeon (3/15)

Altars:
Cheibriados

Annotations:
D:2 Sigmund


Innate Abilities, Weirdness & Mutations

You have a pair of small horns on your head.


Message History

You headbutt the water moccasin, but do no damage.
The water moccasin bites you.
Aiming: Charm
Press: ? - help, Shift-Dir - straight line, f - water moccasin
Aim: a water moccasin (chance to affect: 59%)
The water moccasin is charmed.
What are your orders? t - Shout!
Orders for allies: a - Attack new target. p - Attack previous target. r - Retreat! s - Stop attacking. g - Guard the area. f - Follow me.
Anything else - Cancel.
Gang up on whom?
Press: ? - help, Dir - move target, f - you, p - water moccasin
Okay, then.
What are your orders? t - Shout!
Orders for allies: a - Attack new target. p - Attack previous target. r - Retreat! s - Stop attacking. g - Guard the area. f - Follow me.
Anything else - Cancel.
You shout for attention!
Found a wand of flame (24).
What are your orders? t - Shout!
Orders for allies: a - Attack new target. p - Attack previous target. r - Retreat! s - Stop attacking. g - Guard the area. f - Follow me.
Anything else - Cancel.
You shout for attention!
You hear a shout!
A centaur comes into view.
The centaur wields a +0 shortbow.
The centaur shoots an arrow.
The arrow hits you!
You swap places.
The centaur shoots an arrow.
The arrow barely misses your water moccasin.
The arrow hits you!
The centaur shoots an arrow.
The arrow closely misses your water moccasin.
The arrow hits you!
Ouch! That really hurt!
You die...

#......#######
##.....#
#....##
##...## ##...#
#...# ###.##
##....#
#....@#####
#....S....#
#............
#####c......#
.........
../......
..........
.........#
...........


You could see a centaur and a friendly water moccasin (charmed).

Vanquished Creatures
  An iguana (D:3)
  An adder (D:2)
  A bat (D:2)
  4 endoplasms (D:1)
  2 giant cockroaches (D:3)
  5 goblins
  2 hobgoblins (D:1)
  A ball python (D:1)
  2 frilled lizards
  2 kobolds
  8 rats
29 creatures vanquished.

Notes
Turn   | Place    | Note
-------+----------+-------------------------------------------
     0 | D:1      | ragingrage the Demonspawn Artificer began the quest for the
                  | Orb.
     0 | D:1      | Reached XP level 1. HP: 15/15 MP: 1/1
   392 | D:1      | Gained mutation: You have a pair of small horns on your
                  | head. [demonic ancestry]
   392 | D:1      | Reached XP level 2. HP: 12/21 MP: 2/2
  1198 | D:2      | Noticed Sigmund
  1490 | D:2      | Found a faded altar of an unknown god.
  1501 | D:2      | Reached XP level 3. HP: 23/27 MP: 3/3
  1508 | D:2      | Prayed at the altar of an unknown god.
  1508 | D:2      | Became a worshipper of Cheibriados the Contemplative
  1508 | D:2      | Reached * piety under Cheibriados
  1835 | D:3      | Found a snail-covered altar of Cheibriados.
  1885 | D:3      | Reached skill level 4 in Evocations
  1959 | D:3      | You fall into a shaft and drop 3 floors!
  1971 | D:6      | Noticed a water moccasin
  1987 | D:6      | Noticed a centaur
  1989 | D:6      | Shot with an arrow by a centaur

Illustrated notes

Levels and vault maps discovered:
D:1:      ncdulo_smallfort, layout_loops_ring, corexii_leaking_fountain
D:2:      layout_loops_cross, shapermc_ecumenical_altar_notcrosses, uniq_sigmund
D:3:      layout_loops_ring, mainiacjoe_overflow_tiny_flanked,
          mainiacjoe_overflow_cross_hatched
D:6:      layout_cave_pools, led_sif_pool, serial_shops, kennysheep_mini_moat,
          dreamdust_princess_bridge, wad_floor_pattern_untrapped

Skill      XL: |  1  2  3 |
---------------+----------+-----
Fighting       | 2 |  2.7
Evocations     | 4 |  4.0
Armour         | |  1.7
Dodging        | |  0.8
Stealth        | |  0.8

Action                   || total
-------------------------++-------
Melee: Club              ||    28
       Short sword       ||    47
       Headbutt          ||     7
Evoke: Wand              ||     2
Armor: Leather armour    ||    11
Dodge: Dodged            ||    29

Table legend: (Time is in decaauts)
 A = Elapsed time spent in this place.
 B = Non-inter-level travel time spent in this place.
 C = Inter-level travel time spent in this place.
 D = Time resting spent in this place.
 E = Time spent auto-exploring this place.
 F = Levels seen in this place.
 G = Mean time per level.
                   A        B        C        D        E       F      G
               +--------+--------+--------+--------+--------+-----+--------+
         Total |   2122 |   2019 |    103 |    348 |   1398 |   4 |  530.5 |
       Dungeon |   2122 |   2019 |    103 |    348 |   1398 |   4 |  530.5 |
               +--------+--------+--------+--------+--------+-----+--------+

Top non-repeatable levels by time:
     D:1: 1087 daAuts
     D:2: 785 daAuts
     D:3: 209 daAuts
     D:6: 39 daAuts
